 Dungeon Crawl Stone Soup version 0.30-a0-652-gcc886f7154 (webtiles) character file.

Game seed: 9899237421045964442

297 bande the Trooper (level 6, -1/39 HPs)
             Began as a Gargoyle Fighter on Jan 18, 2023.
             Slain by a gnoll
             ... wielding a +0 club
              (5 damage)
             ... on level 4 of the Dungeon.
             The game lasted 00:04:53 (2460 turns).

bande the Trooper (Gargoyle Fighter)                Turns: 2460, Time: 00:04:54

Health: -1/39      AC: 12    Str: 20    XL:     6   Next: 35%
Magic:  6/6        EV:  9    Int:  8    God:
Gold:   159        SH:  4    Dex: 11    Spells: 5/5 levels left

rFire   . . .      SeeInvis .    a - +1 war axe
rCold   . . .      Faith    .    c - +0 buckler
rNeg    + . .      Spirit   .    b - +0 scale mail
rPois   ∞          Reflect  .    (no helmet)
rElec   +          Harm     .    t - +0 cloak
rCorr   .          Rampage  .    (no gloves)
Will    .....                    (no boots) Stlth
                                 h - amulet of the acrobat
HPRegen 0.26/turn                (no ring)
MPRegen 0.10/turn                (no ring)

@: no status effects
A: sickness immunity, AC +4, negative energy resistance 1, electricity
resistance, torment resistance 1, petrification resistance
a: no special abilities


You were on level 4 of the Dungeon.
You visited 1 branch of the dungeon, and saw 4 of its levels.

You collected 159 gold pieces.

Inventory:

Hand Weapons
 a - a +1 war axe (weapon)
Armour
 b - a +0 scale mail (worn)
 c - a +0 buckler (worn)
 t - a +0 cloak (worn)
Jewellery
 h - an amulet of the acrobat (around neck)
 s - a ring of fire
Wands
 e - a wand of charming (12)
 k - a wand of polymorph (8)
Scrolls
 f - a scroll of enchant weapon
 i - a scroll of fear
 m - a scroll of fog
Potions
 d - a potion of might
 g - a potion of cancellation {unknown}
 j - 2 potions of heal wounds
 l - 3 potions of curing
 n - a potion of brilliance {unknown}
 p - 3 potions of haste


   Skills:
 + Level 4.6 Fighting
 + Level 4.3 Axes
 + Level 4.2 Armour
 + Level 3.9 Shields


You had 5 spell levels left.
You didn't know any spells.
Your spell library was empty.

Dungeon Overview and Level Annotations

Branches:
Dungeon (4/15)             Temple (0/1) D:4

Altars:


Innate Abilities, Weirdness & Mutations

You are immune to sickness and miasma.
Your stone body is resilient. (AC +4)
You are immune to poison.
You resist negative energy. (rN+)
You are resistant to electric shocks. (rElec)
You are resistant to unholy torment.
You are immune to petrification.


Message History

k - a wand of polymorph (8)
A dart slug comes into view.
Found 6 stones.
The dart slug launches a dart at you.
The slug dart hits you but does no damage.
There is a stone staircase leading up here.
You slash the dart slug!
The dart slug is severely wounded.
The dart slug launches a dart at you.
The slug dart hits you but does no damage.
You hit the dart slug.
The dart slug is almost dead.
The dart slug launches a dart at you. The slug dart misses you.
You hit the dart slug.
You kill the dart slug!
No target in view!
No target in view!
A gnoll comes into view. It is wielding a +0 halberd.
A gnoll comes into view. It is wielding a +0 club.
A gnoll comes into view. It is wielding a +0 halberd.
The gnoll shouts!
You hear an angry hiss.
The gnoll misses you.
A ball python comes into view.
The gnoll drinks a potion.
The gnoll seems to speed up.
You barely miss the gnoll.
A gnoll comes into view. It is wielding a +0 whip.
The gnoll hits you from afar with a +0 halberd!
You block the gnoll's attack.
You hit the gnoll.
The gnoll is heavily wounded.
The gnoll hits you from afar with a +0 halberd.
The gnoll hits you from afar with a +0 halberd!
The gnoll hits you but does no damage.
The gnoll hits you from afar with a +0 halberd.
* * * LOW HITPOINT WARNING * * *
The gnoll hits you from afar with a +0 halberd.
* * * LOW HITPOINT WARNING * * *
The gnoll hits you with a +0 club.
You die...

***,,,,,,,*#.....###***#(#,,**
**,,,,,**,*##.......# *#...,,,**
*,,,,,,,*.##......†.###....,,,,*
,,,,,,***..........<#....#,*,***
*,,**,**,........#.....##*,***
**,*,,**,.......,##.#...##..#
***,,**,......g###.#.......##***
* **,***......g#......##....#,,,
*****,**,.g...g.@....####.....,,,
,*,*,,,,,.....##......##......,,,
,,,*,,,*,...,....#...##.....,,,,,
,,,,,,,,,.,,,.##.###..#..#**,*,,,
*,*,**,,,,,..,*...#......##*,*,,#
,,***,,,,,,.,,...##§.?....#,..,.#
,,* ***,**,,..>....§..##..##...#*
,,*** *,,**<$$.....#####...##..#
,,,,****,,*,.......***#.......#*


You could see 4 gnolls.

Vanquished Creatures
  Sigmund (D:3)
  4 gnolls (D:3)
  3 adders
  2 worms (D:2)
  3 dart slugs
  2 orcs (D:3)
  2 bats
  5 endoplasms
  3 giant cockroaches
  6 goblins
  6 hobgoblins
  11 kobolds
  2 quokkas
  4 ball pythons
  5 frilled lizards
  7 rats
66 creatures vanquished.

Notes
Turn   | Place    | Note
-------+----------+-------------------------------------------
     0 | D:1      | bande the Gargoyle Fighter began the quest for the Orb.
     0 | D:1      | Reached XP level 1. HP: 14/14 MP: 1/1
   308 | D:1      | Reached XP level 2. HP: 20/20 MP: 2/2
   760 | D:1      | Found a faded altar of an unknown god.
   836 | D:2      | Reached XP level 3. HP: 24/24 MP: 3/3
  1105 | D:2      | Reached XP level 4. HP: 19/29 MP: 4/4
  1641 | D:3      | Noticed Sigmund
  1649 | D:3      | Killed Sigmund
  1650 | D:3      | Reached XP level 5. HP: 29/34 MP: 5/5
  1650 | D:3      | Reached XP level 6. HP: 33/39 MP: 6/6
  2460 | D:4      | Slain by a gnoll

Illustrated notes

Levels and vault maps discovered:
D:1:      dpeg_arrival_arbitrary_b, layout_basic, basic_ecumenical_altar,
          kennysheep_doodads
D:2:      layout_loops_ring
D:3:      layout_loops_ring, minmay_misc_feat_columns, uniq_sigmund
D:4:      layout_cave_pools, mainiacjoe_overflow_alcove_1, lemuel_tele_altar,
          minmay_temple_entry_arrows, kennysheep_generic_room_7

Skill      XL: |  1  2  3  4 |
---------------+-------------+-----
Axes           | 2 4 |  4.3
Fighting       | 4 |  4.6
Armour         | 4 |  4.2
Shields        | |  3.9

Action                   |  1- 3 |  4- 6 || total
-------------------------+-------+-------++-------
Melee: War axe           |    85 |    79 ||   164
  Use: Scroll            |       |    10 ||    10
Armor: Scale mail        |    42 |    37 ||    79
Dodge: Dodged            |    31 |    42 ||    73
Block: Buckler           |    28 |    14 ||    42

Table legend: (Time is in decaauts)
 A = Elapsed time spent in this place.
 B = Non-inter-level travel time spent in this place.
 C = Inter-level travel time spent in this place.
 D = Time resting spent in this place.
 E = Time spent auto-exploring this place.
 F = Levels seen in this place.
 G = Mean time per level.
                   A        B        C        D        E       F      G
               +--------+--------+--------+--------+--------+-----+--------+
         Total |   2523 |   2500 |     23 |    364 |   1493 |   4 |  630.8 |
       Dungeon |   2523 |   2500 |     23 |    364 |   1493 |   4 |  630.8 |
               +--------+--------+--------+--------+--------+-----+--------+

Top non-repeatable levels by time:
     D:3: 839 daAuts
     D:1: 817 daAuts
     D:2: 791 daAuts
     D:4: 75 daAuts
